 Dungeon Crawl Stone Soup version 0.23.2 (webtiles) character file.

Game seed: 6296241799371263626

181 Borgoz the Ducker (level 5, -23/41 HPs)
             Began as a Ghoul Enchanter on Apr 4, 2019.
             Annihilated by an ogre
             ... wielding a +0 giant club
              (25 damage)
             ... on level 4 of the Dungeon.
             The game lasted 00:05:51 (2766 turns).

Borgoz the Ducker (Ghoul Enchanter)                 Turns: 2766, Time: 00:05:52

Health: -23/41     AC:  6    Str: 12    XL:     5   Next: 61%
Magic:  6/6        EV: 11    Int: 10    God:
Gold:   146        SH:  0    Dex: 10    Spells: 6/7 levels left

rFire    . . .     SeeInvis .   f - +1 dagger (speed)
rCold    + . .     Gourm    .   (no shield)
rNeg     + + +     Faith    .   q - +1 ring mail
rPois    ∞         Spirit   .   (no helmet)
rElec    .         Reflect  .   (no cloak)
rCorr    .         Harm     .   (no gloves)
MR       .....                  (no boots)
Stlth    +.........             r - amulet of rage
HPRegen  0.00/turn              m - ring of flight
MPRegen  0.10/turn              (no ring)

@: rotting
A: rotting body, claws 1, carnivore, cold resistance 1, negative energy
resistance 3, inhibited regeneration, torment resistance, unbreathing
a: Evoke Flight


You were on level 4 of the Dungeon.
You were not hungry.

You visited 1 branch of the dungeon, and saw 4 of its levels.

You collected 146 gold pieces.

Inventory:

Hand Weapons
 f - a +1 dagger of speed (weapon)
Missiles
 s - 8 javelins (quivered)
Armour
 q - a +1 ring mail (worn)
Jewellery
 m - a ring of flight (left claw)
 r - an amulet of rage (around neck)
Scrolls
 a - a scroll of enchant weapon {unknown}
 b - a scroll of enchant armour
 g - a scroll of magic mapping
 h - a scroll of fog {unknown}
 i - 2 scrolls of identify
 k - a scroll of amnesia {unknown}
 l - a scroll of immolation
 n - a scroll of teleportation
Comestibles
 c - a chunk of flesh
 d - 3 rations


   Skills:
 + Level 1.9 Fighting
 * Level 2.6 Short Blades
 + Level 1.5 Armour
 * Level 3.4 Dodging
 - Level 3.2 Stealth
 - Level 1.7 Spellcasting
 - Level 2.4 Hexes


You had 6 spell levels left.
You knew the following spells:

 Your Spells              Type           Power        Failure   Level  Hunger
a - Corona                Hex            #......      26%         1    ##.....

Your spell library contained the following spells:

 Spells                   Type           Power        Failure   Level  Hunger
 Ensorcelled Hibernation  Hex/Ice        #.....       54%         2    ###....
 Confuse                  Hex            #.......     61%         3    ####...
 Tukima's Dance           Hex            #.......     61%         3    ####...
 Sticks to Snakes         Tmut           #.......     71%         2    ###....
 Dazzling Spray           Conj/Hex       #.....       78%         3    ####...
 Beastly Appendage        Tmut           Unusable     N/A         1    N/A
 Spider Form              Tmut/Pois      Unusable     N/A         3    N/A
 Ice Form                 Ice/Tmut       Unusable     N/A         4    N/A
 Blade Hands              Tmut           Unusable     N/A         5    N/A

Dungeon Overview and Level Annotations

Branches:
Dungeon (4/15)
 Temple: D:4-7

Altars:
Okawaru
Trog
Yredelemnul
The Shining One


Innate Abilities, Weirdness & Mutations

Your body is rotting away.
You thrive on raw meat.
You are immune to poison.
You have sharp fingernails.
You are carnivorous and can eat meat at any time.
Your flesh is cold resistant. (rC+)
You are immune to negative energy. (rN+++)
You do not regenerate when monsters are visible.
You are immune to unholy pain and torment.
You can survive without breathing.


Message History

The ogre hits you with a +0 giant club!!
Ouch! That really hurt!
* * * LOW HITPOINT WARNING * * *
You hit the ogre.
The ogre is heavily wounded.
You hit the ogre.
The ogre is heavily wounded.
The ogre barely misses you.
You hit the ogre.
The ogre is heavily wounded.
You hit the ogre.
The ogre is heavily wounded.
The ogre closely misses you.
You hit the ogre.
The ogre is severely wounded.
You hit the ogre.
The ogre is severely wounded.
The ogre hits you with a +0 giant club!!
Ouch! That really hurt!
You die...

. ..
###### ..>
##....#
....#...$.
#......##
#.......#
#....O@#
........##
...##...#
. .....#
.....###
......
....#.
#.####


You could see an ogre.

Vanquished Creatures
  An orc wizard (D:3)
  Terence (D:3)
  A gnoll (D:3)
  4 adders
  An ooze (D:1)
  2 worms (D:3)
  2 dart slugs
  A leopard gecko (D:3)
  8 orcs
  4 bats
  2 giant cockroaches
  7 goblins
  11 hobgoblins
  2 jackals (D:3)
  A ball python (D:3)
  3 frilled lizards
  6 kobolds
  A leopard gecko zombie (D:3)
  A rat (D:1)
59 creatures vanquished.

Vanquished Creatures (others)
  A frilled lizard (D:3)
1 creature vanquished.

Grand Total: 60 creatures vanquished

Notes
Turn   | Place    | Note
-------+----------+-------------------------------------------
     0 | D:1      | Borgoz the Ghoul Enchanter began the quest for the Orb.
     0 | D:1      | Reached XP level 1. HP: 14/14 MP: 2/2
    16 | D:1      | Reached skill level 1 in Short Blades
   379 | D:1      | Reached XP level 2. HP: 22/22 MP: 3/3
   891 | D:2      | Found a bloodstained altar of Trog.
   972 | D:2      | Reached skill level 1 in Fighting
   972 | D:2      | Reached XP level 3. HP: 21/28 MP: 4/4
  1262 | D:2      | Reached skill level 1 in Armour
  1724 | D:3      | Reached XP level 4. HP: 24/35 MP: 5/5
  1780 | D:3      | Noticed Terence
  1813 | D:3      | Killed Terence
  1949 | D:3      | Found an iron altar of Okawaru.
  1982 | D:3      | Reached XP level 5. HP: 28/41 MP: 6/6
  2314 | D:3      | Found a glowing golden altar of the Shining One.
  2318 | D:3      | Found a basalt altar of Yredelemnul.
  2320 | D:3      | Noticed a profane servitor
  2435 | D:3      | HP: 2/41 [jackal (3)]
  2612 | D:4      | Noticed an ogre
  2760 | D:4      | HP: 2/41 [ogre/+0 giant club (25)]
  2766 | D:4      | Annihilated by an ogre

Skill      XL: |  1  2  3  4 |
---------------+-------------+-----
Short Blades   | 1 2 |  2.6
Dodging        | 2 3 |  3.4
Fighting       | 1 |  1.9
Armour         | 1 |  1.5
Stealth        | |  3.2
Spellcasting   | |  1.7
Hexes          | |  2.4

Action                   |  1- 3 |  4- 6 || total
-------------------------+-------+-------++-------
Melee: Dagger            |   161 |   266 ||   427
  Use: Scroll            |       |     6 ||     6
       Potion            |       |     6 ||     6
 Stab: Sleeping          |     6 |       ||     6
  Eat: Chunk             |    14 |    19 ||    33
Armor: Robe              |    17 |       ||    17
       Ring mail         |     9 |    38 ||    47
Dodge: Dodged            |    75 |   107 ||   182
